AoeStats
← STK Phifo

Oasis

509637778Analyzed
4v4 RM · 6d ago on Sep 27, 2026· 42m 43s· 8 players
Game mode
Random Map
Map size
Large (8 player)
Population
200
Speed
Normal
Resources
Standard
Victory
Conquest
Starting age
Dark Age
Ending age
Imperial Age
RankedLock teamsTeams togetherTeam positionsShared explorationLock speedFull tech treeHidden civsTurbo modeCheats
Victory
Defeat
🇹🇼 Turks · Taiwan
998
+14
🇹🇼 Danes · Taiwan
997
+14
🇺🇸 Franks · United States
949
+16
🇩🇪 Saxons · Germany
872
+19
🇧🇷 Byzantines · Brazil
1000
-55
🇨🇳 Vietnamese · China
934
-15
🇨🇳 Slavs · China
933
-15
🇹🇼 Huns · Taiwan
930
-15
Willy
12:20 Feudal Age
15:34 Double-Bit Axe
19:35 Castle Age
18:17 Horse Collar
18:37 Stone Mining
21:26 Bow Saw
21:19 Heavy Plow
21:21 Elite Skirmisher
24:49 Fletching
25:09 Forging
27:25 Iron Casting
28:19 Loom
29:00 Bloodlines
31:01 Wheelbarrow
30:12 Town Watch
31:10 Light Cavalry
31:50 Husbandry
31:14 Pikeman
31:54 Squires
31:40 Arson
33:05 Ballistics
32:56 Masonry
33:33 Bodkin Arrow
33:39 Padded Archer Armor
33:44 Scale Barding Armor
33:40 Scale Mail Armor
34:00 Hand Cart
33:46 Gold Mining
38:38 Imperial Age
38:47 Halberdier
40:04 Conscription
40:08 Atheism
39:11 Elite Tarkan
39:52 Marauders
41:12 Imperial Skirmisher
41:27 Hussar
打不过
2:02 Loom
10:11 Feudal Age
11:47 Double-Bit Axe
11:47 Horse Collar
18:37 Stone Mining
22:09 Castle Age
20:16 Gold Mining
25:26 Scale Barding Armor
26:10 Husbandry
32:05 Imperial Age
30:57 Wheelbarrow
30:07 Town Watch
30:52 Bloodlines
31:21 Bow Saw
31:16 Heavy Plow
33:54 Fletching
35:16 Two-Man Saw
33:45 Elite Skirmisher
34:53 Bodkin Arrow
35:01 Padded Archer Armor
35:47 Conscription
36:44 Detinets
37:41 Leather Archer Armor
38:55 Ballistics
39:04 Hand Cart
38:55 Druzhina
40:27 Crop Rotation
41:29 Chemistry
41:46 Gold Shaft Mining
STK Phifo
1:56 Loom
12:15 Feudal Age
14:17 Double-Bit Axe
15:21 Horse Collar
19:53 Castle Age
18:15 Fletching
19:00 Gold Mining
19:34 Padded Archer Armor
20:14 Scale Mail Armor
21:16 Bow Saw
22:13 Leather Archer Armor
21:26 Elite Skirmisher
22:14 Crossbowman
25:24 Heavy Plow
27:49 Forging
29:28 Chain Mail Armor
31:20 Husbandry
32:29 Thumb Ring
33:55 Wheelbarrow
34:04 Bodkin Arrow
34:45 Iron Casting
34:15 Scale Barding Armor
42:19 Imperial Age
40:19 Chain Barding Armor
师夷长技
12:45 Feudal Age
12:07 Loom
15:18 Double-Bit Axe
21:12 Castle Age
21:46 Pikeman
27:12 Elite Skirmisher
34:27 Fletching
TTVBrophetLIVE
10:16 Feudal Age
13:35 Horse Collar
15:21 Double-Bit Axe
20:40 Fletching
24:20 Castle Age
25:53 Wheelbarrow
26:06 Heavy Plow
27:28 Scale Mail Armor
28:30 Forging
28:45 Hand Cart
30:13 Iron Casting
29:57 Squires
29:43 Arson
32:34 Chain Mail Armor
35:52 Imperial Age
36:24 Masonry
36:28 Bow Saw
38:11 Architecture
37:47 Siege Engineers
37:38 Murder Holes
37:54 Fortified Wall
37:32 Arrowslits
40:09 Two-Man Saw
40:06 Conscription
39:42 Gold Mining
41:45 Gold Shaft Mining
41:44 Plate Mail Armor
41:10 Bodkin Arrow
40:45 Elite Varangian Guard
Lil Bullz
9:58 Feudal Age
14:54 Loom
18:54 Castle Age
17:59 Double-Bit Axe
19:09 Gold Mining
24:35 Fletching
24:46 Padded Archer Armor
27:15 Husbandry
28:32 Wheelbarrow
27:55 Bodkin Arrow
28:16 Leather Archer Armor
30:01 Bow Saw
31:11 Ballistics
35:14 Imperial Age
33:00 Hand Cart
33:04 Stone Mining
33:52 Masonry
35:26 Cranequins
35:44 Ordonnance Companies
39:08 Chemistry
40:07 Heavy Mounted Crossbowman
Gary038202
10:25 Feudal Age
11:15 Double-Bit Axe
11:30 Horse Collar
13:50 Loom
19:01 Castle Age
17:00 Gold Mining
20:19 Heavy Plow
20:52 Bow Saw
21:01 Bloodlines
20:56 Husbandry
21:20 Fletching
27:56 Bodkin Arrow
32:00 Wheelbarrow
32:23 Ballistics
35:35 Imperial Age
33:24 Hand Cart
33:17 Thumb Ring
33:15 Padded Archer Armor
33:20 Scale Barding Armor
34:24 Gold Shaft Mining
35:35 Leather Archer Armor
35:40 Chain Barding Armor
36:22 Heavy Cavalry Archer
37:28 Parthian Tactics
37:05 Bracer
37:35 Ring Archer Armor
39:03 Sipahi
39:04 Conscription
38:46 Artillery
39:53 Stone Mining
43:22 Plate Barding Armor
42:58 Forging
danny83627danny83627
0:57 Loom
12:12 Feudal Age
16:03 Castle Age
14:58 Double-Bit Axe
14:55 Horse Collar
17:55 Bow Saw
18:52 Heavy Plow
34:23 Imperial Age
32:29 Wheelbarrow
31:40 Town Watch
33:45 Scale Mail Armor
33:58 Forging
33:39 Fletching
34:31 Caravan
34:04 Hamask
35:03 Chain Mail Armor
34:53 Scale Barding Armor
34:26 Onager
36:24 Chemistry
35:55 Siege Engineers
35:52 Bodkin Arrow
36:28 Plate Mail Armor
35:37 Elite Jomsviking
36:18 Northmen's Fury
37:41 Conscription
38:20 Iron Casting
37:54 Thumb Ring
38:22 Siege Onager
39:51 Ballistics
40:40 Blast Furnace
39:41 Bracer
42:14 Squires
41:59 Arson
Connection lost

Rejoining the realm…

Still unreachable

The connection could not be restored.

Session expired

The server has moved on; the page needs a fresh start.